 Dungeon Crawl Stone Soup version 0.28.0-45-g0d030f2227 (webtiles) character file.

Game seed: 14850183235729461202

3113 pkoi the Destroyer (level 9, -3/62 HPs)
             Began as a Demigod Conjurer on Apr 12, 2022.
             Killed from afar by a gargoyle (23 damage)
             ... with a stone arrow
             ... on level 7 of the Dungeon.
             The game lasted 00:14:43 (11243 turns).

pkoi the Destroyer (Demigod Conjurer)              Turns: 11243, Time: 00:14:43

Health: -3/62      AC:  3    Str:  8    XL:     9   Next: 34%
Magic:  12/21      EV: 12    Int: 32    God:
Gold:   410        SH:  0    Dex: 12    Spells: 8/19 levels left

rFire   . . .      SeeInvis .   g - +1 whip (venom)
rCold   . . .      Faith    .   (no shield)
rNeg    . . .      Spirit   .   a - +0 robe
rPois   .          Reflect  .   b - +1 hat
rElec   .          Harm     .   (no cloak)
rCorr   .          Rampage  .   (no gloves)
Will    .....                   (no boots)
Stlth   ++........              (no amulet)
HPRegen 0.20/turn               (no ring)
MPRegen 0.17/turn               (no ring)

@: no status effects
A: high MP 1, forlorn, divine attributes
a: no special abilities


You were on level 7 of the Dungeon.
You visited 1 branch of the dungeon, and saw 7 of its levels.

You collected 410 gold pieces.

Inventory:

Hand Weapons
 c - a +0 whip
 d - a +2 morningstar of protection
 g - a +1 whip of venom (weapon)
 r - a +2 whip of flaming
Missiles
 f - 2 boomerangs
 p - 2 throwing nets
Armour
 a - a +0 robe (worn)
 b - a +1 hat (worn)
Jewellery
 e - a ring of protection from cold
Wands
 j - a wand of iceblast (18)
 u - a wand of charming (9)
Scrolls
 k - a scroll of identify
 l - a scroll of fog
 o - a scroll of vulnerability {unknown}
 s - 3 scrolls of teleportation
 t - a scroll of magic mapping
Potions
 h - 4 potions of cancellation
 i - a potion of ambrosia {unknown}
 m - a potion of berserk rage
 n - 3 potions of curing
 q - 2 potions of mutation


   Skills:
 + Level 0.1 Fighting
 + Level 1.8 Dodging
 - Level 1.7 Stealth
 + Level 5.7 Spellcasting
 + Level 8.0 Conjurations
 + Level 5.2 Hexes
 + Level 5.8 Translocations


You had 8 spell levels left.
You knew the following spells:

 Your Spells              Type           Power      Damage    Failure   Level
a - Magic Dart            Conj           100%       1d8       1%          1
b - Searing Ray           Conj           100%       2d8       1%          2
c - Iskenderun's Mystic   Conj/Tloc      52%        2d11      2%          4
d - Fulminant Prism       Conj/Hex       25%        3d14      3%          4

Your spell library contained the following spells:

 Spells                   Type           Power      Damage    Failure   Level
 Dazzling Flash           Conj/Hex       100%       N/A       1%          3
 Tukima's Dance           Hex            42%        N/A       1%          3
 Summon Small Mammal      Summ           36%        N/A       4%          1
 Summon Guardian Golem    Hex/Summ       26%        N/A       4%          3
 Passage of Golubria      Tloc           46%        N/A       4%          4
 Call Canine Familiar     Summ           9%         N/A       14%         3
 Leda's Liquefaction      Hex/Erth       13%        N/A       16%         4
 Yara's Violent Unravell  Hex/Tmut       13%        3d7       41%         5
 Lee's Rapid Deconstruct  Erth           4%         3d6*      78%         5
 Statue Form              Tmut/Erth      6%         N/A       100%        6


Dungeon Overview and Level Annotations

Branches:
Dungeon (7/15)             Temple (0/1) D:4

Shops:
D:3 [   D:5 :


Innate Abilities, Weirdness & Mutations

You have an increased reservoir of magic. (+10% MP)
You shall have no god before yourself.
Your divine heritage dramatically boosts your attributes as you level up.


Message History

Aim: a gargoyle, wielding a +0 morningstar (wandering, hasn't noticed you, 92% to hit)
The searing ray hits the gargoyle.
The gargoyle is lightly damaged. (Press . to maintain the ray.)
The searing ray hits the gargoyle.
The gargoyle is moderately damaged.
The gargoyle hurls a stone arrow at you.
The stone arrow misses you.
The searing ray hits the gargoyle but does no damage.
The gargoyle is moderately damaged.
The searing ray hits the gargoyle.
The gargoyle is heavily damaged.
You finish channelling your searing ray.
The gargoyle misses you.
Casting: Searing Ray (safe; 1% risk of failure)
Confirm with . or Enter, or press ? or * to list all spells.
Aiming: Searing Ray (safe; 1% risk of failure)
Press: ? - help, Shift-Dir - straight line, f/p - gargoyle
Aim: a gargoyle, wielding a +0 morningstar (heavily damaged, 92% to hit)
The searing ray hits the gargoyle but does no damage.
The gargoyle is heavily damaged. (Press . to maintain the ray.)
The gargoyle hurls a stone arrow at you.
The stone arrow hits you!!
* * * LOW HITPOINT WARNING * * *
The searing ray hits the gargoyle but does no damage.
The gargoyle is heavily damaged.
The gargoyle hurls a stone arrow at you.
The stone arrow hits you!!
* * * LOW HITPOINT WARNING * * *
The searing ray hits the gargoyle but does no damage.
The gargoyle is heavily damaged.
The gargoyle hurls a stone arrow at you.
The stone arrow misses you.
The searing ray hits the gargoyle but does no damage.
The gargoyle is heavily damaged.
You finish channelling your searing ray.
The gargoyle hurls a stone arrow at you.
The stone arrow hits you!!
You die...

##. .. ..# '9 #.#
#.# . #.# ###.# ...
...# #. ### #..#
#.#. ....##..# #...
#.....9## .## #.@.#
###.### ##.
#...#######...#
######...........#
#................###
#......##.....#.....
#...................
#....(.##.....#.....
#......##........###


You could see a gargoyle.

Vanquished Creatures
  Pikel (D:6)
  A gargoyle (D:7)
  Grinder (D:6)
  Sigmund (D:6)
  A water moccasin (D:7)
  A sky beast (D:5)
  An orc warrior (D:7)
  2 black bears
  2 ice beasts
  2 ogres
  2 centaurs (D:5)
  3 lemures (D:6)
  A gnoll sergeant (D:7)
  A bullfrog (D:6)
  A scorpion (D:4)
  4 killer bees
  A bullfrog zombie (D:6)
  A jelly (D:5)
  4 hounds
  2 orc priests
  A centaur skeleton (D:7)
  3 iguanas
  An orc wizard (D:6)
  A hound zombie (D:5)
  A hound skeleton (D:4)
  A howler monkey zombie (D:5)
  9 gnolls
  5 adders
  2 shadow imps
  An ufetubus (D:5)
  A worm (D:2)
  2 dart slugs
  6 orcs
  9 endoplasms
  7 giant cockroaches
  10 goblins
  8 hobgoblins
  3 quokkas
  7 ball pythons
  4 bats
  4 frilled lizards
  7 kobolds
  8 rats
134 creatures vanquished.

Vanquished Creatures (others)
  7 fulminant prisms
7 creatures vanquished.

Grand Total: 141 creatures vanquished

Notes
Turn   | Place    | Note
-------+----------+-------------------------------------------
     0 | D:1      | pkoi the Demigod Conjurer began the quest for the Orb.
     0 | D:1      | Reached XP level 1. HP: 14/14 MP: 5/5
   623 | D:1      | Reached skill level 4 in Conjurations
   623 | D:1      | Reached XP level 2. HP: 20/20 MP: 5/7
  2021 | D:2      | Reached XP level 3. HP: 23/26 MP: 5/8
  2159 | D:1      | Learned a level 2 spell: Searing Ray
  2610 | D:2      | Reached XP level 4. HP: 32/33 MP: 5/10
  2993 | D:3      | Learned a level 4 spell: Iskenderun's Mystic Blast
  3235 | D:3      | Reached skill level 5 in Conjurations
  3824 | D:3      | Found Naripune's Armour Shoppe.
  4499 | D:4      | Reached skill level 1 in Translocations
  4499 | D:4      | Reached XP level 5. HP: 38/38 MP: 5/12
  5005 | D:4      | Found a staircase to the Ecumenical Temple.
  5319 | D:4      | Noticed an ogre
  5938 | D:5      | Entered Level 5 of the Dungeon
  5942 | D:5      | Noticed a centaur
  6022 | D:5      | Reached XP level 6. HP: 45/45 MP: 8/13
  6162 | D:5      | Learned a level 4 spell: Fulminant Prism
  6623 | D:5      | Found Exoaliat's Book Shop.
  6662 | D:5      | Reached skill level 6 in Conjurations
  6662 | D:5      | Reached skill level 1 in Hexes
  7400 | D:5      | Reached XP level 7. HP: 25/50 MP: 7/15
  8009 | D:5      | Noticed an angel
  8066 | D:6      | Noticed Sigmund
  8197 | D:6      | Killed Sigmund
  8197 | D:6      | Noticed Grinder
  8273 | D:6      | Killed Grinder
  8274 | D:6      | Reached XP level 8. HP: 15/57 MP: 3/17
  8706 | D:6      | Reached skill level 7 in Conjurations
  9158 | D:6      | Noticed Pikel
  9165 | D:6      | Killed Pikel
  9166 | D:6      | Reached skill level 5 in Spellcasting
  9166 | D:6      | Reached skill level 5 in Translocations
  9635 | D:7      | Reached XP level 9. HP: 44/62 MP: 10/20
 10208 | D:7      | Noticed a gargoyle
 10216 | D:7      | Killed a gargoyle
 10217 | D:7      | Reached skill level 8 in Conjurations
 10217 | D:7      | Reached skill level 5 in Hexes
 11234 | D:7      | Noticed a gargoyle
 11243 | D:7      | Killed from afar by a gargoyle

Illustrated notes

Levels and vault maps discovered:
D:1:      matt_arrival_los_fun, layout_loops_corners,
          hellmonk_ecumenical_altar_blasted
D:2:      minmay_general_purpose_star, layout_basic
D:3:      layout_loops_ring, old_standard_altar, serial_shops, shop_coins
D:4:      layout_loops_ring, elyvilon_altar_3, minmay_temple_entry_slanted
D:5:      minmay_spotlight, layout_gridville, mainiacjoe_overflow_alcove_2,
          zin_angel, serial_shops, shop
D:6:      layout_rooms, uniq_sigmund, uniq_pikel, uniq_grinder
D:7:      cheibrodos_statue_roulette, layout_loops_cross

Skill      XL: |  1  2  3  4  5  6  7  8  9 |
---------------+----------------------------+-----
Spellcasting   | 2 3 4 5 |  5.7
Conjurations   | 4 5 6 7 8 |  8.0
Translocations | 1 2 3 4 5 |  5.8
Hexes          | 1 3 4 5 |  5.2
Fighting       | |  0.1
Dodging        | |  1.8
Stealth        | |  1.7

Action                   |  1- 3 |  4- 6 |  7- 9 || total
-------------------------+-------+-------+-------++-------
Melee: Whip              |    12 |       |       ||    12
       Punch             |     1 |       |       ||     1
 Cast: Magic Dart        |    88 |    86 |    36 ||   210
       Searing Ray       |       |    13 |    26 ||    39
       Iskenderun's Myst |       |     2 |     6 ||     8
       Fulminant Prism   |       |       |     7 ||     7
Evoke: Wand              |       |       |     2 ||     2
  Use: Potion            |     2 |     3 |       ||     5
       Scroll            |       |    10 |       ||    10
Armor: Robe              |    11 |     7 |     6 ||    24
Dodge: Dodged            |    11 |    25 |    31 ||    67
